 Dungeon Sprint DCSS version 0.16-a0-3803-gd4b2de5 (webtiles) character file.

399 BluebellGnoll the Thaumaturge (level 6, -3/36 HPs)
             Began as an Octopode Fire Elementalist on Jan 26, 2015.
             Was an Initiate of Vehumet.
             Killed from afar by a scorpion (39 damage)
             ... with an exploding inner flame
             ... hexed by the player character
             ... in the Dungeon (Sprint V: "Ziggurat Sprint").
             The game lasted 00:04:48 (393 turns).

BluebellGnoll the Thaumaturge (OpFE)                 Turns: 393, Time: 00:04:49

Health: -3/36      AC:  1    Str: 19    XL:     6   Next: 84%
Magic:  15/26      EV:  5    Int: 31    God:    Vehumet [......]
Gold:   0          SH: 26    Dex: 25    Spells: 4 memorised, 22 levels left

rFire  . . .     SeeInvis .     K - +5 broad axe
rCold  . . .     Clarity  .     t - +18 shield of the gong {rElec rN+ MR+ EV-5}
rNeg   + . .     SustAb   .     (helmet restricted)
rPois  .         Gourm    .     (no amulet)
rElec  +         Spirit   .     p - +6 ring of intelligence
rCorr  .         Warding  .     q - +6 ring of intelligence
rMut   .         NoTele   +     n - +6 ring of dexterity
MR     +....                    o - +6 ring of dexterity
Stlth  ++++......               r - +6 ring of strength
                                s - +6 ring of strength
                                (no ring)
                                (no ring)

@: somewhat resistant to hostile enchantments, stealthy
A: almost no armour, amphibious, 8 rings, constrict 8, camouflage 1, gelatinous
body 1
a: Renounce Religion


You were in the Dungeon.
You worshipped Vehumet.
Vehumet was noncommittal.
You were not hungry.

You visited 1 branch

Inventory:

Hand weapons
 K - a +5 broad axe (weapon)
 L - the +7 mace "Phui" {crush, rF+ Str+4 Int+3 Dex-2}
   (You found it in the Dungeon)

   It inflicts extra damage upon your enemies.
   It affects your strength (+4).
   It affects your intelligence (+3).
   It affects your dexterity (-2).
   It protects you from fire.
Armour
 t - the +18 shield of the gong (worn) {rElec rN+ MR+ EV-5}
   (You found it in the Dungeon)

   It affects your evasion (-5).
   It insulates you from electricity.
   It protects you from negative energy.
   It affects your resistance to hostile enchantments.
Magical staves
 m - an uncursed staff of energy
Jewellery
 n - a +6 ring of dexterity (on tentacle)
 o - a +6 ring of dexterity (on tentacle)
 p - a +6 ring of intelligence (left tentacle)
 q - a +6 ring of intelligence (right tentacle)
 r - a +6 ring of strength (on tentacle)
 s - a +6 ring of strength (on tentacle)
 M - an uncursed ring of sustain abilities
Magical devices
 a - a wand of disintegration (7)
 j - a wand of fire (5)
 k - a wand of cold (5)
 l - a wand of draining (5)
Scrolls
 i - 4 scrolls of blinking
 w - 4 scrolls of amnesia
 x - 3 scrolls of recharging
 y - 7 scrolls of fog
 z - a scroll of holy word
 A - 5 scrolls of identify
 B - 5 scrolls of remove curse
 C - 2 scrolls of fear
Potions
 d - 10 potions of curing
 e - 10 potions of heal wounds
 f - 6 potions of haste
 g - 7 potions of magic
 h - 2 potions of berserk rage
 D - 2 potions of brilliance
 E - 2 potions of invisibility
 F - 2 potions of restore abilities
 G - 4 potions of resistance
 I - 5 potions of agility
 J - 5 potions of might
Books
 b - a book of Flames

   Spells                             Type                      Level
   a - Flame Tongue                   Conjuration/Fire             1
   b - Throw Flame                    Conjuration/Fire             2
   c - Conjure Flame                  Conjuration/Fire             3
   d - Inner Flame                    Hexes/Fire                   3
   e - Sticky Flame                   Conjuration/Fire             4
   f - Fireball                       Conjuration/Fire             5
Comestibles
 c - 5 bread rations
 u - 42 fruits
 v - 4 meat rations


   Skills:
 - Level 2.0 Dodging
 - Level 2.6 Stealth
 - Level 13.0 Spellcasting
 * Level 1.0 Conjurations
 - Level 3.0 Fire Magic


You had 22 spell levels left.
You knew the following spells:

 Your Spells              Type           Power        Failure   Level  Hunger
a - Flame Tongue          Conj/Fire      ####.        10%         1    None
b - Throw Flame           Conj/Fire      ####..       14%         2    None
c - Conjure Flame         Conj/Fire      ####....     24%         3    None
d - Inner Flame           Hex/Fire       ####....     30%         3    None


Dungeon Overview and Level Annotations

Branches:
Dungeon (1/1)

Altars:
Ashenzari
Cheibriados
Dithmenos
Elyvilon
Fedhas
Gozag
Kikubaaqudgha
Makhleb
Nemelex Xobeh
Okawaru
Qazlal
Ru
Sif Muna
Trog
Vehumet
Xom
Yredelemnul
Zin
The Shining One
Beogh
Jiyva
Lugonu


Innate Abilities, Weirdness & Mutations

You cannot wear most types of armour.
You are amphibious.
You can wear up to eight rings at the same time.
You can use your tentacles to constrict many enemies at once.
Your skin changes colour to match your surroundings (Stealth).
Your rubbery body absorbs attacks (AC +1).


Message History

The puff of flame hits the scorpion.
The scorpion is moderately wounded.
Casting: Throw Flame
Confirm with . or Enter, or press ? or * to list all spells.
Aiming: Throw Flame
Press: ? - help, Shift-Dir - straight line, f/p - scorpion
Aim: a scorpion (moderately wounded, inner flame)
The puff of flame hits the scorpion.
The scorpion is almost dead.
The jumping spider hisses angrily.
Casting: Throw Flame
Confirm with . or Enter, or press ? or * to list all spells.
Aiming: Throw Flame
Press: ? - help, Shift-Dir - straight line, f/p - scorpion
Aim: a scorpion (almost dead, inner flame)
The puff of flame hits the scorpion.
The scorpion explodes!
The fiery explosion engulfs you!
Ouch! That really hurt!
You die...

▓▓▓▓▓▓▓▓▓▓▓▓▓
▓.8©8.▓.8©8.▓
▓.s=:.▓.....▓
▓.....▓.....▓
▓..s..▓.....▓
▓..§§.▓.....▓
▓.§§§.▓.....▓
▓..@§.▓▓▓▓▓▓▓
▓▓▓▓▓▓▓


You could see a jumping spider and a tarantella (wandering).

Vanquished Creatures
  2 polar bears (D)
2 creatures vanquished.

Notes
Turn   | Place    | Note
--------------------------------------------------------------
     0 | D        | BluebellGnoll, the Octopode Fire Elementalist, began the quest for the Orb.
     0 | D        | Reached XP level 1. HP: 11/11 MP: 3/3
     0 | D        | Found a viscous altar of Jiyva.
     0 | D        | Found a corrupted altar of Lugonu.
     0 | D        | Found a white marble altar of Elyvilon.
     2 | D        | Found a sparkling altar of Nemelex Xobeh.
     2 | D        | Found a burning altar of Makhleb.
     2 | D        | Found a deep blue altar of Sif Muna.
     3 | D        | Found a bloodstained altar of Trog.
     7 | D        | Found an iron altar of Okawaru.
    18 | D        | Found a radiant altar of Vehumet.
    28 | D        | Found a basalt altar of Yredelemnul.
    29 | D        | Found a shimmering altar of Xom.
    50 | D        | Reached skill level 7 in Spellcasting
    50 | D        | Reached XP level 2. HP: 17/17 MP: 4/12
    54 | D        | Learned a level 2 spell: Throw Flame
   117 | D        | Became a worshipper of Vehumet
   123 | D        | Entered arena 1.
   123 | D        | Noticed a polar bear
   123 | D        | Noticed a polar bear
   130 | D        | Killed a polar bear
   130 | D        | Reached skill level 11 in Spellcasting
   130 | D        | Reached XP level 3. HP: 4/21 MP: 11/20
   130 | D        | Reached XP level 4. HP: 5/27 MP: 11/21
   130 | D        | Reached XP level 5. HP: 5/31 MP: 12/23
   138 | D        | Killed a polar bear
   138 | D        | Reached skill level 13 in Spellcasting
   138 | D        | Reached XP level 6. HP: 5/36 MP: 9/26
   149 | D        | Got the +7 mace "Phui" {crush, rF+ Str+4 Int+3 Dex-2}
   157 | D        | Learned a level 3 spell: Conjure Flame
   161 | D        | Learned a level 3 spell: Inner Flame
   388 | D        | Entered arena 2.
   388 | D        | Noticed a tarantella
   388 | D        | Noticed a jumping spider
   388 | D        | Noticed a scorpion
   393 | D        | Killed a scorpion
   393 | D        | Killed from afar by a scorpion

Action                   |  1- 3 |  4- 6 || total
-------------------------+-------+-------++-------
Melee: Broad axe         |     5 |       ||     5
 Cast: Throw Flame       |     1 |     3 ||     4
       Flame Tongue      |       |     4 ||     4
       Inner Flame       |       |     1 ||     1
  Use: Potion            |     2 |       ||     2
